 Dungeon Crawl Stone Soup version 0.16.0-14-g63f578d (webtiles) character file.

15 Artificial the Sneak (level 2, -2/19 HPs)
             Began as a Vampire Enchanter on Mar 19, 2015.
             Slain by a worm (3 damage)
             ... on level 1 of the Dungeon.
             The game lasted 00:03:28 (968 turns).

Artificial the Sneak (Vampire Enchanter)             Turns: 968, Time: 00:03:28

Health: -2/19      AC:  3    Str:  7    XL:     2   Next: 34%
Magic:  2/5        EV: 12    Int: 17    God:
Gold:   36         SH:  0    Dex: 14    Spells: 2 memorised, 2 levels left

rFire  . . .     SeeInvis +     a - +1 dagger
rCold  . . .     Clarity  .     b - +1 robe
rNeg   + . .     SustAb   .     (no shield)
rPois  .         Gourm    .     (no helmet)
rElec  .         Spirit   .     (no cloak)
rCorr  .         Warding  .     (no gloves)
rMut   .         Stasis   .     (no boots)
MR     .....                    (no amulet)
Stlth  +++.......               (no ring)
                                (no ring)

@: not resistant to hostile enchantments, fairly stealthy
A: bottle blood, fangs 3, see invisible, unbreathing
a: no special abilities


You were on level 1 of the Dungeon.
You were not thirsty.

You visited 1 branch of the dungeon, and saw 2 of its levels.

You collected 36 gold pieces.

Inventory:

Hand weapons
 a - a +1 dagger (weapon)
Armour
 b - a +1 robe (worn)
Scrolls
 e - a scroll of immolation {unknown}
 i - 2 scrolls of teleportation {unknown}
 k - 2 scrolls of identify {unknown}
 m - a scroll of fear {unknown}
 n - 2 scrolls of remove curse {unknown}
Potions
 d - 5 potions of blood
 f - a potion of invisibility {unknown}
 g - a potion of curing {unknown}
 h - a potion of cancellation {unknown}
 j - a potion of restore abilities {unknown}
 l - a potion of degeneration {unknown}
 o - a potion of brilliance {unknown}
Books
 c - a book of Maledictions

   Spells                             Type                      Level
   a - Corona                         Hexes                        1
   b - Sure Blade                     Hexes/Charms                 2
   c - Ensorcelled Hibernation        Hexes/Ice                    2
   d - Confuse                        Hexes                        3
   e - Dazzling Spray                 Conjuration/Hexes            3
   f - Enslavement                    Hexes                        4


   Skills:
 + Level 1.3 Short Blades
 + Level 2.2 Dodging
 + Level 4.8 Stealth
 + Level 2.3 Spellcasting
 + Level 4.4 Hexes


You had 2 spell levels left.
You knew the following spells:

 Your Spells              Type           Power        Failure   Level  Hunger
a - Corona                Hex            ###....      2%          1    #......
b - Ensorcelled Hibernat  Hex/Ice        #.....       14%         2    ##.....


Dungeon Overview and Level Annotations

Branches:
Dungeon (2/15)

Altars:


Innate Abilities, Weirdness & Mutations

You can bottle blood from corpses.
You have razor-sharp teeth.
You have supernaturally acute eyesight.
You can survive without breathing.


Message History

Ouch! That really hurt!
There is a stone staircase leading up here.
Cast which spell? (? or * to list)
Aiming: Ensorcelled Hibernation
Press: ? - help, Shift-Dir - straight line, f - worm
Aim: a worm (chance 50%)
The worm resists with some effort.
Casting: Ensorcelled Hibernation
Confirm with . or Enter, or press ? or * to list all spells.
Aiming: Ensorcelled Hibernation
Press: ? - help, Shift-Dir - straight line, f/p - worm
Aim: a worm (chance 50%)
The worm looks drowsy...
The worm bites you!
* * * LOW HITPOINT WARNING * * *
There is a stone staircase leading up here.
You climb upwards.
There is a stone staircase leading down here.
The worm bites you.
You die...

..# #.# #(## #.# #..# #.# ##.##
#.# #..# #.# ##.# #.# ###########
###'## #.###.#.#.#.#.## #....#
#)##......%....#
#.>..###)).#.#.#@#.#.###
#.....##.......w.......#
#.....##.(.#.#.#.#.#.#.#
#####..#.##............#
#........###.#.#.#.#.#.#
#........##............#
#..........#.#.#.#.#.#.#
#............(.........##########
########...#.#.#.#.#.#..........#


You could see a worm.

Vanquished Creatures
  A bat (D:1)
  2 giant cockroaches (D:1)
  A hobgoblin (D:1)
  A jackal (D:1)
  A giant newt (D:1)
  2 goblins (D:1)
  3 kobolds (D:1)
  A quokka (D:1)
  3 rats (D:1)
15 creatures vanquished.

Notes
Turn   | Place    | Note
--------------------------------------------------------------
     0 | D:1      | Artificial, the Vampire Enchanter, began the quest for the Orb.
     0 | D:1      | Reached XP level 1. HP: 13/13 MP: 3/3
   204 | D:1      | Reached XP level 2. HP: 7/19 MP: 5/5
   937 | D:1      | Learned a level 2 spell: Ensorcelled Hibernation
   968 | D:1      | Slain by a worm

Action                   || total
-------------------------++-------
Melee: Dagger            ||    37
 Cast: Ensorcelled Hiber ||     2
 Stab: Sleeping          ||     3
